[Event "39th Muensterland Open 2022"]
[Site "Muenster"]
[Date "2022.10.05"]
[Round "6.7"]
[White "Garbuz, Vitaliy"]
[Black "Gallasch, Robin"]
[Result "1/2-1/2"]
[ECO "B10"]
[WhiteElo "2142"]
[BlackElo "2021"]
[Annotator "TA"]
[PlyCount "61"]
[EventDate "2022.10.01"]
[EventType "swiss"]
[EventCountry "GER"]
[SourceTitle "playchess.com"]
[Source "ChessBase"]
[SourceQuality "1"]
[TimeControl "40/5400+30:1800+30"]

1. e4 c6 2. Nf3 d5 3. d3 dxe4 4. dxe4 Qxd1+ 5. Kxd1 Nf6 6. Nfd2 {[%emt 0:00:06] B10: Caro-Kann: 2 d3 and 2 c4.} g5 7. a4 g4 8. a5 Be6 {[%emt 0:00:08] [#]} 9. Nc3 $146 ({Predecessor:} 9. Na3 Nbd7 10. Bc4 Nc5 11. Bxe6 Nxe6 12. Nac4 O-O-O 13. Re1 Bh6 14. Ra3 Nc5 15. f3 gxf3 16. gxf3 {1-0 (38) Nepomniachtchi,I (2784)-Gukesh,D (2563) Chess.com INT 2020}) 9... Nbd7 10. Bc4 Nc5 11. Bxe6 Nxe6 12. Nb3 $1 h5 13. Ke2 h4 14. Ra4 O-O-O (14... h3 $15) 15. Be3 Kb8 16. Rc4 Nh5 ({Black should play} 16... h3 $11) 17. e5 $1 $14 Bg7 18. Re4 g3 (18... Rdf8 $142) 19. hxg3 $16 hxg3 20. Rh3 Bxe5 21. Rxe5 Nhf4+ {[%emt 0:00:34] [#]} 22. Bxf4 (22. Kf1 $1 $16 {Threatens to win with Rxh8.} Nxh3 23. fxg3) 22... Nxf4+ $11 {[%emt 0:00:08] The position is equal.} 23. Kf1 {[%emt 0:02:10] Hoping for Rxh8.} Nxh3 24. gxh3 Rxh3 25. Rxe7 gxf2 26. Rxf7 Rh1+ 27. Kxf2 Rh2+ 28. Ke3 Rxc2 29. Na4 Rd5 {[%emt 0:00:32] Inhibits Nbc5.} 30. Rf8+ Kc7 31. Rf7+ {[%emt 0:00:19] Weighted Error Value: White=0.11 (very precise) /Black=0.17 (very precise)} 1/2-1/2

[Event "39th Muensterland Open 2022"]
[Site "Muenster"]
[Date "2022.10.05"]
[Round "6.8"]
[White "Schliebener, Stephan"]
[Black "Quinones-Maletti, Julio Guillermo"]
[Result "1/2-1/2"]
[ECO "A37"]
[WhiteElo "2119"]
[BlackElo "2020"]
[Annotator "TA"]
[PlyCount "108"]
[EventDate "2022.10.01"]
[EventType "swiss"]
[EventCountry "GER"]
[SourceTitle "playchess.com"]
[Source "ChessBase"]
[SourceQuality "1"]
[TimeControl "40/5400+30:1800+30"]

1. c4 c5 2. Nf3 Nc6 3. g3 g6 4. Bg2 Bg7 5. O-O d6 6. Nc3 e6 7. a3 Nge7 {[%emt 0:00:17] A37: Symmetrical English vs ...g6: 4 Bg2 Bg7 5 Nf3.} 8. Rb1 O-O 9. d3 b6 10. Bg5 h6 11. Bd2 Bb7 12. b4 Qd7 13. b5 Ne5 {[%emt 0:07:34] [#]} 14. Ne1 $146 (14. Nxe5 $11 dxe5 15. Bxb7 Qxb7 16. a4) ({Predecessor:} 14. Nxe5 dxe5 15. a4 Kh7 16. f3 Nf5 17. Qc1 Nd4 18. a5 Rad8 19. Rf2 Nxe2+ 20. Nxe2 Qxd3 {1-0 (40) Brendel,O (2324)-Bus,T (2182) Germany 2016}) 14... Bxg2 (14... d5 {keeps more tension.} 15. Bf4 Ng4 16. e4 f5) 15. Nxg2 d5 16. f4 Ng4 17. cxd5 exd5 ({Weaker is} 17... Nxd5 18. Qe1 $15) 18. Qe1 (18. h3 $17 {keeps fighting.} Nf6 19. Kh2) 18... d4 19. Ne4 Nd5 20. Rf3 Rae8 21. Nf2 (21. h3 $142 Ngf6 22. Nxf6+ Bxf6 23. Kh2) 21... Nge3 22. Bxe3 dxe3 ({Not} 22... Nxe3 23. Nxe3 Rxe3 24. Qf1 $17) 23. Nd1 f5 ({Stronger than} 23... Bd4 24. f5 $17) 24. Kh1 Bd4 25. Qg1 Re6 26. Rf1 g5 {[%emt 0:05:13] Prevents Nh4.} 27. Ne1 $2 (27. Rb3) 27... Rg6 28. fxg5 hxg5 29. Nc2 Qe6 {[%emt 0:05:45] Strongly threatening ...g4.} 30. Qg2 Bg7 31. Rg1 (31. g4 $142 f4 32. Rc1) 31... Re8 32. a4 g4 33. Qf1 $2 (33. Nb2) 33... Rh6 $19 {[%emt 0:00:43][%cal Oh6h2] [#] ( -> ...Rxh2+!)} 34. Rg2 Rf8 35. Qg1 Bd4 36. Rc1 Qe5 37. Nxd4 Qxd4 38. Rc4 Qe5 39. Qe1 Qa1 (39... Rf7 $19 {And now ...Rg7 would win.} 40. a5 Rfh7) 40. Qf1 (40. Qg1 $1 $15) 40... Qe5 (40... Qh8 $17 41. a5 Rh5) 41. Qe1 $1 Qa1 (41... Rf7 $19 42. a5 Rfh7) 42. Qf1 $1 $17 Rf7 {[%emt 0:00:44] [#]} ({Black should play} 42... Qh8 $17 {aiming for ...Rf7.} 43. a5 Rh5) 43. Nxe3 $1 $11 Qxf1+ 44. Nxf1 Re6 45. Rf2 Kg7 46. e4 fxe4 47. Rxf7+ Kxf7 48. dxe4 {[%emt 0:00:00][%mdl 4096] Endgame KRN-KRN} Nf6 49. Ne3 Rxe4 50. Rxe4 Nxe4 51. Nxg4 Ke6 52. Kg2 {[%emt 0:00:30] next Kf3 is good for White.} Nc3 53. Kh1 $2 (53. Ne3 $11 {and White has nothing to worry.}) 53... Ne4 $2 (53... Nxa4 $19 {Hoping for ...Nc3.} 54. Kg2 Nc3) 54. Ne3 Ke5 {[%emt 0:01:00] Black had all chances to win.  Weighted Error Value: White=0.39/Black=0.54} (54... Nc3 $11) 1/2-1/2

[Event "39th Muensterland Open 2022"]
[Site "Muenster"]
[Date "2022.10.05"]
[Round "6.9"]
[White "Althoff, Ralph"]
[Black "Quante, Lennart"]
[Result "1-0"]
[ECO "A49"]
[WhiteElo "1951"]
[BlackElo "2100"]
[Annotator "TA"]
[PlyCount "81"]
[EventDate "2022.10.01"]
[EventType "swiss"]
[EventCountry "GER"]
[SourceTitle "playchess.com"]
[Source "ChessBase"]
[SourceQuality "1"]
[TimeControl "40/5400+30:1800+30"]

1. d4 Nf6 2. Nf3 g6 3. g3 Bg7 4. Bg2 O-O 5. O-O Ne4 6. c4 {[%emt 0:03:49] A49: 1 d4 Nf6 2 Nf3 g6 3 g3: Anti-King's Indian systems.} c6 7. b3 a5 8. Bb2 {[%emt 0:01:10] White has an edge.} a4 {[%emt 0:00:16] [#]} 9. b4 $146 ({Predecessor:} 9. bxa4 Qa5 10. Qb3 Qxa4 11. Nc3 Nxc3 12. Bxc3 d6 13. Nd2 Qxb3 14. axb3 Rxa1 15. Bxa1 {1-0 (60) Repka,C (2488)-Proleiko,J (2131) Chesterfield 2020}) 9... d5 10. c5 Bf5 11. a3 Na6 12. Nfd2 Nxd2 $1 13. Qxd2 Bxb1 14. Raxb1 Nc7 15. Rfd1 Qd7 16. h4 Rfe8 17. Qe3 e5 18. dxe5 Bxe5 19. Bxe5 {[%emt 0:03:33] This bishop pair is nice.} f6 $1 20. b5 Rxe5 {[%emt 0:09:35] [#]} (20... Nxb5 $11 {remains equal.} 21. Qc1 (21. Rxb5 Rxe5 22. Bxd5+ Kg7 $11) 21... Rxe5) 21. bxc6 $1 $16 bxc6 22. Qf4 Ne8 ({Better is} 22... Rxe2 23. Rb7 Rc8) 23. Rb6 {[%emt 0:04:16] White is more active.} Rxe2 $2 {[%emt 0:03:07] [#] Black cannot hold the game after this.} (23... Kg7 $16) 24. Rxc6 $3 $18 Rd8 (24... Kg7 $142 25. Rb6 Qc7) (24... Re1+ 25. Rxe1) 25. Rxd5 Qxc6 26. Rxd8 Qxc5 27. Bd5+ Kg7 28. Rd7+ Re7 29. Qxa4 {[%emt 0:01:54] Strongly threatening Qc6.} Nc7 $2 (29... Kf8 30. Rxe7 Qxe7) 30. Qc4 Rxd7 31. Qxc5 {[%emt 0:00:14] And now Qc6 would win.} Nxd5 {[%emt 0:00:02][%mdl 4096] Endgame KQ-KRN} 32. Qc6 Rd8 33. Qe6 Kh6 34. a4 Ra8 35. Qxd5 {[%emt 0:00:18] White mates.} Rxa4 {[%emt 0:00:12] KQ-KR} 36. Qd2+ g5 37. hxg5+ fxg5 38. Qd6+ Kh5 39. Qd1+ Rg4 40. Qe2 h6 41. Qe8# {[%emt 0:31:09] Weighted Error Value: White=0.18 (very precise) /Black=0.47} 1-0

[Event "39th Muensterland Open 2022"]
[Site "Muenster"]
[Date "2022.10.05"]
[Round "6.10"]
[White "Holtel, Jasper"]
[Black "Gasper, Joern"]
[Result "1-0"]
[ECO "A05"]
[WhiteElo "2413"]
[BlackElo "2057"]
[Annotator "TA"]
[PlyCount "115"]
[EventDate "2022.10.01"]
[EventType "swiss"]
[EventCountry "GER"]
[SourceTitle "playchess.com"]
[Source "ChessBase"]
[SourceQuality "1"]
[TimeControl "40/5400+30:1800+30"]

1. Nf3 Nf6 2. g3 b5 3. Bg2 Bb7 4. Na3 a6 5. c4 e6 6. cxb5 {[%emt 0:02:23] A05: Réti Opening: 1 Nf3 Nf6.} (6. b3 {is interesting.} c5 7. cxb5 d5 8. Bb2) 6... Bxa3 7. bxa6 Rxa6 8. bxa3 {[%emt 0:00:10] [#] The position is equal.} c5 $146 ({Predecessor:} 8... O-O 9. O-O d6 10. d3 c5 11. Rb1 Ba8 12. e4 Nc6 13. Bb2 e5 14. Nd2 Nd7 {1-0 (96) Petrosian,T (2592)-Martirosyan,H (2516) Yerevan 2017}) 9. O-O O-O 10. Qc2 d6 11. Bb2 {[%emt 0:01:41] Strongly threatening Ng5.} Nbd7 12. d3 Qa8 13. Rfb1 Rc8 14. Ne1 {[%emt 0:03:31] Threatens to win with Bxb7.} d5 15. Bxf6 Nxf6 16. Rb5 Nd7 17. Qb2 Bc6 {[%emt 0:00:00][%mdl 1024] Black has compensation.} 18. Rb3 Ba4 19. Rc3 Qa7 20. Qd2 Bc6 21. Nc2 Ba4 (21... d4 $5 22. Rb3 $8 Bxg2 23. Kxg2 Ra4 $11) 22. Nb4 {[%emt 0:02:06] [#]} (22. Ne1 $11) 22... Ra5 (22... d4 $1 $17 23. Rcc1 Rb6) 23. d4 $11 c4 24. e4 Nf6 25. exd5 exd5 26. Re1 Bd7 27. Qf4 (27. Re7 {with more complications.} Qc7 28. Bh3 Re8 29. Qe1) 27... Be6 28. Ree3 h6 29. Bf3 Qd7 30. h4 Ne8 31. Re5 Rca8 32. g4 Nc7 33. g5 hxg5 ({But not} 33... Rxa3 34. Rxa3 Rxa3 35. gxh6 $16) 34. Rxg5 Rxa3 35. Rxa3 Rxa3 36. Kg2 Ra5 (36... Bh3+ $11 37. Kh2 Be6) 37. h5 $2 {[%emt 0:00:26] White has more active pieces.} ({White has to play} 37. Qe5 $16 f5 38. h5) 37... Ne8 $15 38. Qd2 f6 39. Rg3 Rb5 (39... Ra8 $15 {stays ahead.}) 40. Bd1 (40. h6 $16) 40... Rb6 $11 {[%emt 0:00:32] ...Nd6 is the strong threat.} 41. a3 (41. h6 $11) 41... Nd6 $1 $15 {[%emt 0:08:19] aiming for ...Ne4.} 42. Bc2 Kh8 ({Black should play} 42... Bf5 $17 {Hoping for ...Bxc2.} 43. Kh2 Qf7 44. Bxf5 Nxf5) 43. Qf4 $11 Nf7 {[%emt 0:01:19] Inhibits h6.} 44. Bg6 Nh6 45. Re3 Bf7 46. Qf3 Be6 47. Re1 Rd6 48. Qe3 Nf5 ({Better is} 48... Nf7 $11) 49. Qf4 $1 $14 {[%emt 0:00:52][%cal Oe1e6] And now Rxe6! would win.} Nh6 50. Kg1 (50. a4 $1 $14) 50... Rb6 $11 51. Qe3 Ng4 52. Qf3 Nh6 53. Qf4 Qd6 $2 (53... Nf7 $11) 54. Qxd6 $18 Rxd6 {[%emt 0:00:05] [#]} 55. a4 $1 Bf7 $2 (55... Nf5) 56. a5 {[%emt 0:00:24] White is clearly winning.} Rd7 57. a6 {[%emt 0:01:03] Inhibits Rb7.} Kg8 58. Nc6 {[%emt 0:00:20] Weighted Error Value: White=0.19 (very precise) /Black=0.32} 1-0

[Event "39th Muensterland Open 2022"]
[Site "Muenster"]
[Date "2022.10.06"]
[Round "7.2"]
[White "Dordevic, Tom"]
[Black "Rott, Georg"]
[Result "0-1"]
[ECO "D02"]
[WhiteElo "1767"]
[BlackElo "2064"]
[Annotator "TA"]
[PlyCount "138"]
[EventDate "2022.10.01"]
[EventType "swiss"]
[EventCountry "GER"]
[SourceTitle "playchess.com"]
[Source "ChessBase"]
[SourceQuality "1"]
[TimeControl "40/5400+30:1800+30"]

1. d4 d5 2. Nf3 e6 3. Bf4 c5 4. e3 Nc6 5. Nbd2 Nf6 6. c3 Bd6 7. Bg3 O-O 8. Bd3 Re8 9. Ne5 Qc7 10. Ndf3 {[%emt 0:00:44] D02: 1 d4 d5 2 Nf3 sidelines, including 2...Nf6 3 g3 and 2...Nf6 3 Bf4.} c4 11. Bc2 b5 {[%emt 0:00:50] [#]} 12. h4 $146 {[%emt 0:06:41] The position is equal.} ({Predecessor:} 12. Nxc6 Qxc6 13. Ne5 Qc7 14. a3 Bb7 15. O-O a5 16. f4 b4 17. axb4 axb4 18. Ng4 {1-0 (30) Chalmeta Ugas,J (1995)-Martinez Gutierrez,B (2057) Barcelona 2001}) 12... h6 13. Bh2 Ne4 (13... Nd7 $14) 14. g4 (14. Nxc6 $1 $16 {Hoping for Bxd6.} Qxc6 15. g4) 14... f6 ({Better is} 14... Nxe5 $1 $14 15. Bxe5 Bxe5 16. Nxe5 f6) 15. Nxc6 $16 Bxh2 (15... Qxc6 $16 16. Bxd6 Qxd6) 16. Rxh2 $18 {[%emt 1:17:58][%cal Oc6e5] Nce5! is the strong threat.} Qxc6 17. g5 $1 e5 {[%emt 0:01:19][%cal Rh6g5] [#]} 18. gxh6 gxh6 $2 (18... Re7 19. Rg2 Bf5 20. Rxg7+ Rxg7 21. hxg7 Re8) 19. Rg2+ Kh7 20. Nd2 (20. dxe5 $142 Bh3 21. Rh2 (21. Nd4 Qc7 $18)) 20... Bf5 21. Qh5 {[%emt 0:02:34] Intending Qf7+ and mate.} Qe6 {[%emt 0:00:15] Inhibits Qf7+.} 22. O-O-O Rg8 23. Rdg1 {[%emt 0:01:43] Strongly threatening f3.} exd4 24. exd4 $2 {[%emt 0:05:33] Chess con chili.} ({White should play} 24. Nxe4 $18 {[%cal Oh5f5] Threatening mate with Qxf5+!} dxe4 25. cxd4 (25. exd4 Rxg2 26. Rxg2 Rg8 $18)) 24... Rxg2 $11 25. Rxg2 Rg8 (25... Nd6 $11) 26. Rxg8 $14 Kxg8 27. Nxe4 ({Don't go for} 27. Qxh6 $2 Nxf2 28. Nf3 Qe2 $19) (27. Nf1 $14 {is more appropriate.}) 27... Bxe4 $11 28. Qxh6 {[%emt 0:01:34] And now Qe3 would win.} Bxc2 29. Kxc2 $14 {[%emt 0:00:09][%mdl 4096] Endgame Threatens to win with Qg6+. KQ-KQ} Qe2+ 30. Qd2 Qe4+ 31. Kc1 Qxh4 32. Qe3 Kf7 33. Kd2 Qg5 34. Ke2 Qg6 35. a3 Qc2+ 36. Qd2 $2 {[%emt 0:00:12][%mdl 8192] [#]} (36. Kf1 $11) 36... Qxd2+ $1 37. Kxd2 {[%emt 0:00:04] KP-KP} Kg6 38. Ke3 Kg5 39. Kf3 Kf5 40. Kg3 Ke4 41. Kg4 f5+ $2 (41... a5 {White must now prevent ...Kd3.} 42. Kh5 Kd3) 42. Kg5 $19 f4 {[%emt 0:00:09][%cal Bf5f4,Bf4f3][%mdl 32] ( -> ...f3)} 43. Kg4 (43. Kf6 $19 Kd3 44. Ke6) 43... f3 {[%emt 0:05:22] Black mates.} 44. Kg3 a5 45. Kg4 Kd3 46. Kxf3 Kc2 47. Ke2 Kxb2 48. f4 b4 49. axb4 axb4 50. f5 bxc3 {[%emt 0:00:22] K3P-KPP} 51. f6 c2 52. f7 c1=Q 53. f8=Q {[%emt 0:00:04] KQ-KQ} Qc2+ 54. Kf1 Qd1+ 55. Kf2 Qxd4+ 56. Ke1 Qc3+ 57. Ke2 d4 58. Kd1 Qc1+ 59. Ke2 d3+ 60. Kf2 Qd2+ 61. Kf1 Qe2+ 62. Kg1 Qe1+ 63. Kg2 Qe4+ 64. Kf1 c3 65. Qb8+ Kc1 66. Qa7 c2 67. Qa5 Qe2+ 68. Kg1 Qd1+ 69. Kf2 Qd2+ {[%emt 0:00:07] What a bad dream for White.  Weighted Error Value: White=0.49/Black=0.31} 0-1

[Event "39th Muensterland Open 2022"]
[Site "Muenster"]
[Date "2022.10.06"]
[Round "7.3"]
[White "Bungarten, Jona"]
[Black "Althoff, Ralph"]
[Result "1-0"]
[ECO "B21"]
[WhiteElo "2010"]
[BlackElo "1951"]
[Annotator "TA"]
[PlyCount "69"]
[EventDate "2022.10.01"]
[EventType "swiss"]
[EventCountry "GER"]
[SourceTitle "playchess.com"]
[Source "ChessBase"]
[SourceQuality "1"]
[TimeControl "40/5400+30:1800+30"]

1. e4 c5 2. d4 cxd4 3. c3 dxc3 4. Nxc3 Nc6 5. Nf3 d6 6. Bc4 a6 7. O-O Nf6 8. Bf4 $1 {[%emt 0:00:26] B21: Sicilian: 2 f4 and Morra Gambit.} Bg4 9. Qb3 e6 $1 10. Be2 {[%emt 0:10:26] Black has an edge.} (10. Qxb7 Na5 11. Qb4 e5 $17) 10... Qb8 11. Rfd1 Be7 12. h3 Bxf3 13. Bxf3 O-O {[%emt 0:00:38][%cal Bh8f8,Bf8c8,Bc8c6][%mdl 32] [#]} 14. Rd2 $146 ({Predecessor:} 14. Na4 b5 15. e5 dxe5 16. Bxc6 exf4 17. Bxa8 Qxa8 18. Nc3 f3 19. gxf3 Qb8 20. a4 {0-1 (44) Zapfel,P (1946)-Petz,J (2127) ICCF email 2008}) 14... Nd7 15. Rad1 Nce5 16. Be2 Rc8 17. a4 Rc6 18. Bxe5 Nxe5 19. f4 Qa7+ ({Better is} 19... Nd7 $17 20. g3 Qc7) 20. Kh1 $15 Ng6 (20... Nd7 $1 $15) 21. f5 $1 $11 Nf4 22. fxe6 Nxe6 23. Bc4 $36 {[%emt 0:01:24][%cal Be2c4,Bc4d5,Bd5f7][%mdl 2080] White fights for an advantage.} Ng5 {[%emt 0:05:26] [#]} ({Black should try} 23... Nc5 $14 24. Bxf7+ Kh8) 24. h4 $1 $16 {[%emt 0:02:50] White is more active.} Qc5 {[%emt 0:03:40] [#] This move loses the game for Black.} (24... Rxc4 $16 {keeps fighting.} 25. Qxc4 Ne6) 25. Bd5 $1 $18 ({Worse is} 25. hxg5 Qxc4 26. Qxb7 Re8 $14) ({Not} 25. Qxb7 Ra7 26. Qb3 Qxc4 $16) 25... Rb6 26. Qa2 h6 27. hxg5 hxg5 (27... Bxg5 28. Bxf7+ Kh8) 28. Bxf7+ Kh7 29. Nd5 (29. Qe6 $142 d5 30. Bg6+ Kh6 31. Qh3+ Kxg6 32. Qf5+ Kh6 33. g3 g6 34. Qf7) 29... g6 30. Nxe7 Rh8 31. Nxg6 d5 32. Rd4 Qc2 33. Qxd5 {[%emt 0:03:13] White mates.} Qf2 34. Qxg5 (34. R4d2 $2 {gets mated.} Kg7+ 35. Nxh8 Rh6+) 34... Qxf7 35. Rd7 {[%emt 0:00:18] Weighted Error Value: White=0.06 (flawless) /Black=0.63} 1-0

[Event "39th Muensterland Open 2022"]
[Site "Muenster"]
[Date "2022.10.06"]
[Round "7.4"]
[White "Torres-Kuckel, Rafael"]
[Black "Holtel, Jasper"]
[Result "1/2-1/2"]
[ECO "A33"]
[WhiteElo "2096"]
[BlackElo "2413"]
[Annotator "TA"]
[PlyCount "61"]
[EventDate "2022.10.01"]
[EventType "swiss"]
[EventCountry "GER"]
[SourceTitle "playchess.com"]
[Source "ChessBase"]
[SourceQuality "1"]
[TimeControl "40/5400+30:1800+30"]

1. Nf3 c5 2. c4 Nc6 3. d4 cxd4 4. Nxd4 Nf6 5. Nc3 e6 6. g3 Qb6 7. e3 {[%emt 0:01:00] A33: Symmetrical English: 2 Nf3 Nf6 3 d4 cxd4 4 Nxd4 e6 5 Nc3 Nc6.} (7. Nb3 $5 ) 7... d5 8. cxd5 Nxd5 9. Nxd5 exd5 10. a3 {[%emt 0:00:15] Prevents Bb4+.} Be7 11. Bg2 O-O 12. O-O {[%emt 0:00:30] [#]} Rd8 $146 ({Predecessor:} 12... Bf6 13. a4 Rd8 14. Ra3 Nxd4 15. exd4 Qb4 16. a5 Be6 17. Rb3 Qxa5 18. Rxb7 Qa6 {½-½ (31) Seiler,W (1895)-Beckmann,M (1721) GER email 2010}) 13. b3 Nxd4 14. exd4 Be6 15. Re1 Bf6 16. Be3 g6 17. b4 Rdc8 18. Qd2 Rc6 19. Rac1 Rxc1 20. Rxc1 a5 21. h4 h5 22. Rc5 axb4 23. Qxb4 Qxb4 24. axb4 b6 25. Rc6 Rb8 26. Kh2 Be7 (26... b5 $14) 27. Bd2 ({White should try} 27. b5 $16) 27... Kf8 {[%emt 0:01:06] The position is equal.} 28. Bf1 (28. Bf4 $5 Rb7 29. b5 $11) 28... Bd7 29. Rc7 Ke8 30. Bg2 Be6 31. Bf1 {[%emt 0:03:54] Weighted Error Value: White=0.09 (flawless) /Black=0.06 (flawless)} 1/2-1/2

[Event "39th Muensterland Open 2022"]
[Site "Muenster"]
[Date "2022.10.06"]
[Round "7.5"]
[White "Scholz, Christian"]
[Black "Mueller, Martin"]
[Result "1-0"]
[ECO "A87"]
[WhiteElo "2332"]
[BlackElo "2130"]
[Annotator "TA"]
[PlyCount "59"]
[EventDate "2022.10.01"]
[EventType "swiss"]
[EventCountry "GER"]
[SourceTitle "playchess.com"]
[Source "ChessBase"]
[SourceQuality "1"]
[TimeControl "40/5400+30:1800+30"]

1. d4 f5 2. Nf3 Nf6 3. c4 g6 4. g3 Bg7 5. Bg2 O-O 6. O-O d6 7. Nc3 Qe8 {[%emt 0:00:12] 7...Qe8 has become a bit dusty these days.} 8. d5 Na6 9. Rb1 {[%emt 0:00:16] 9.Be3 is vanishing.} h6 {[%emt 0:04:39] A87: Dutch Defence: Leningrad System: 5 Nf3.} 10. b4 {[%emt 0:09:22] [#]} Nh5 $146 (10... e5 $14) ({Predecessor:} 10... Bd7 11. Nd4 Rc8 12. Ncb5 Ne4 13. Bxe4 fxe4 14. Nxa7 Ra8 15. Nab5 c6 16. dxc6 bxc6 17. Nc3 {0-1 (46) Ramirez Alvarez,R (2043)-Hidalgo Santana,F (2193) Santa Cruz de Tenerife 2015}) 11. Nd4 $16 f4 {[%emt 0:02:52] White is better.} 12. Qd3 g5 13. Be4 Bxd4 14. Qxd4 fxg3 15. hxg3 Nf6 16. Bg2 {[%emt 0:08:54] White is more active.} Qh5 {[%emt 0:01:57] [#] White must now prevent ...Ng4.} 17. f3 {[%emt 0:09:54] Against Ng4} Bh3 18. Bd2 Bd7 (18... Bxg2 $16 19. Kxg2 Qg6) 19. Ne4 $18 Qg6 20. Bc3 c6 (20... Kh7 $142 21. Nxf6+ Qxf6) 21. Nxf6+ Rxf6 22. dxc6 bxc6 23. c5 Nc7 24. Qd2 (24. cxd6 $6 Nb5 25. Qc4+ Qf7 26. Qxf7+ Rxf7 $16) 24... Rf7 25. Rbd1 Ne8 (25... Nd5 $16) 26. f4 Rc8 (26... gxf4 $142 27. cxd6 (27. Rxf4 Qxg3 28. Rxf7 Kxf7 $16) (27. Qd4 e5 $16) 27... Nxd6) 27. fxg5 $40 {[%emt 0:04:11][%mdl 128] White attacks with force.} Rxf1+ (27... Qxg5 28. Qd4 (28. cxd6 Qxd2 29. Bxd2 Nxd6 $16) 28... e5) 28. Rxf1 ({Weaker is} 28. Bxf1 Qxg5 29. Bg2 Qxd2 30. Rxd2 (30. Bxd2 Kh7 $16) 30... h5 $16) 28... Qxg5 29. Qd4 {[%emt 0:03:21][%csl Gc3][%cal Rd4h8] [#]} e5 (29... Ng7 $142 30. cxd6 (30. Qf2 dxc5 31. bxc5 Be6 $16) 30... exd6 31. Qxd6 (31. Qf2 Be6 $16) 31... Qe3+ 32. Kh2 Qxc3) 30. Qc4+ {[%emt 0:01:26] Weighted Error Value: White=0.14 (very precise) /Black=0.36} 1-0

[Event "39th Muensterland Open 2022"]
[Site "Muenster"]
[Date "2022.10.06"]
[Round "7.6"]
[White "Junk, Phillip"]
[Black "Bentel, Robin"]
[Result "1/2-1/2"]
[ECO "B51"]
[WhiteElo "2085"]
[BlackElo "2247"]
[Annotator "TA"]
[PlyCount "90"]
[EventDate "2022.10.01"]
[EventType "swiss"]
[EventCountry "GER"]
[SourceTitle "playchess.com"]
[Source "ChessBase"]
[SourceQuality "1"]
[TimeControl "40/5400+30:1800+30"]

1. e4 c5 2. Nf3 d6 3. Bb5+ Nd7 4. c3 Ngf6 5. d3 g6 6. O-O {[%emt 0:00:57] B51: Sicilian: Moscow Variation (3 Bb5+) without 3...Bd7.} Bg7 7. h3 ({Much weaker is} 7. e5 dxe5 8. Nxe5 O-O 9. Nxd7 Bxd7 $15) 7... a6 8. Ba4 b5 9. Bc2 O-O 10. Be3 Bb7 11. Nbd2 {[%emt 0:02:10] [#]} e5 $146 ({Predecessor:} 11... Qc7 12. Rc1 Nb6 13. Qe2 Rac8 14. Rfd1 Nfd7 15. Nf1 Ba8 16. Qd2 Ne5 17. Nxe5 dxe5 {½-½ (36) Pinter,T (1632)-Rajcsanyi,P (1833) Budapest 2015}) 12. Re1 Re8 13. c4 Nf8 14. Nh2 Ne6 15. Ng4 Nh5 16. Bh6 (16. a3 $142) 16... Nhf4 17. Bxg7 ({Better is} 17. Bxf4 exf4 18. Rb1) 17... Kxg7 $17 18. Ne3 {[%emt 0:01:00] Prevents f5.} Nd4 19. Nf3 f5 20. Nd5 Nde6 (20... Nxf3+ $17 21. Qxf3 Ne6) 21. b3 Rf8 22. Ne3 (22. Kh2 $17 {was called for.}) 22... Qf6 (22... Nd4 $19 23. Nxd4 cxd4) 23. Kh2 {[%emt 0:07:26] [#]} (23. Nd5 $17 Qf7 24. Re3) 23... Rad8 $2 (23... Nxg2 $1 $19 {[%mdl 512] has better winning chances.} 24. Kxg2 (24. Nxg2 fxe4) 24... fxe4 25. dxe4 Nd4) 24. Ng1 (24. Nd5 $17 Qf7 25. Rf1) 24... Nd4 $19 25. Qd2 (25. Rf1 $142) 25... fxe4 26. dxe4 Qg5 {[%emt 0:00:00][%cal Of4g2] Strongly threatening ...Nxg2!} 27. Rad1 Rf7 28. f3 h5 (28... Qh4 $19 {[%cal Of4h3] aiming for ...Nxh3!} 29. Bd3 Rdf8) 29. Qf2 Bc8 (29... h4 $142 30. Bb1 Rff8) 30. cxb5 axb5 31. Bd3 Rdf8 32. Qg3 Qd8 33. Nd5 $2 (33. Qf2) 33... h4 34. Qf2 {[%emt 0:00:18] [#]} Nxh3 35. gxh3 (35. Nxh3 Bxh3) 35... Nxf3+ $2 (35... Rxf3 $19 36. Nxf3 Rxf3) 36. Kh1 $17 Nxe1 37. Qxe1 b4 (37... Be6 $15) 38. Rd2 $11 Be6 39. Bc4 (39. Rg2 $11 {and White is okay.}) 39... Qg5 $2 ({Black should try} 39... Bxd5 $19 40. Bxd5 Rf1) 40. Rg2 {[%emt 0:01:27] The position is equal.} Qh6 41. Ne3 {[%emt 0:04:36] Pair of Knights!} Bxc4 42. bxc4 Kh7 43. Ng4 Qg5 {[%emt 0:01:12] Threatens to win with ...Rf1.} 44. Qd1 Qe7 $1 45. Ne3 Qe6 {[%emt 0:00:00] White happily takes the draw.  Weighted Error Value: White=0.45/Black=0.35} 1/2-1/2